 Dungeon Crawl Stone Soup version 0.30.0-15-g856e2d3f33 (webtiles) character file.

Game seed: 16086731926554613515

165 growler the Insei (level 5, 0/55 HPs)
             Began as a Merfolk Transmuter on May 19, 2023.
             Slain by a cerulean imp
             ... wielding a +2 spear
             ... summoned by Natasha
              (2 damage)
             ... on level 2 of the Dungeon.
             The game lasted 00:05:11 (2123 turns).

growler the Insei (Merfolk Transmuter)              Turns: 2123, Time: 00:05:13

Health: 0/55       AC: 22    Str: 11    XL:     5   Next: 46%
Magic:  8/9        EV:  2    Int: 20    God:
Gold:   99         SH:  0    Dex: 14    Spells: 0/10 levels left

rFire   . .          .
                       - Unarmed
rCold   . . .        (no shield)
rNeg    . . .        a - melded +0 robe
rPois   +            (helmet currently unavailable)
rElec   .            (cloak currently unavailable)
rCorr   .            (gloves currently unavailable)
SInv    .            (boots currently unavailable)
Will    .....        (no amulet)
Stlth   +            g - ring of poison resistance
HPRegen 0.29/turn    h - +6 ring of intelligence
MPRegen 0.11/turn

%: no passive effects
@: tree-form, slowed, very slow
A: stationary, stasis, torment immunity, boosted hp, (nimble swimmer 2),
(mertail)
a: no special abilities


You were on level 2 of the Dungeon.
You were a tree.
You visited 1 branch of the dungeon, and saw 3 of its levels.

You collected 99 gold pieces.

Inventory:

Armour
 a - a +0 robe (melded)
Jewellery
 g - a ring of poison resistance (left branch)
 h - a +6 ring of intelligence (right branch)
Scrolls
 k - a scroll of teleportation
 l - a scroll of fog {unknown}
 m - 2 scrolls of immolation {unknown}
Potions
 c - 2 potions of invisibility
 d - a potion of mutation
 e - 3 potions of haste {unknown}
 f - 2 potions of degeneration {unknown}
 j - a potion of attraction


   Skills:
 - Level 1.1 Fighting
 - Level 2.6 Dodging
 + Level 5.4 Unarmed Combat
 - Level 3.0 Spellcasting
 - Level 4.0 Transmutations


You couldn't memorise any spells.
You knew the following spells:

 Your Spells              Type           Power      Damage    Failure   Level
a - Beastly Appendage     Tmut           38%        N/A       2%          1
b - Wereblood             Tmut           19%        N/A       4%          2
c - Spider Form           Tmut/Pois      11%        N/A       19%         3
d - Ice Form              Ice/Tmut       11%        N/A       52%         4

Your spell library contained the following spells:

 Spells                   Type           Power      Damage    Failure   Level


Dungeon Overview and Level Annotations

Branches:
Dungeon (3/15)

Altars:

Annotations:
D:2 Natasha


Innate Abilities, Weirdness & Mutations

You are a tree.
Your roots penetrate the ground, keeping you stationary.
You cannot be teleported.
You are immune to unholy pain and torment.
Your maximum health is greatly increased.
Your equipment is partially melded.
((You are very nimble when in or above water. (Stealth+, EV+, Speed+++)))
((Your lower body shifts to a powerful aquatic tail in water.))


Message History

There is an open door here.
There is an open door here.
Natasha, Servant of Life and Death comes into view.
Natasha moves out of view.
You miscast Beastly Appendage.
You are very lightly contaminated with residual magic.
Nothing appears to happen.
Natasha hisses angrily.
Natasha casts a spell at you.
You feel yourself slow down.
Natasha casts a spell.
You grow a pair of large bovine horns.
Natasha claws you but does no damage.
You barely miss Natasha. Natasha claws you.
Your magical contamination has completely faded away.
You barely miss Natasha.
The cerulean imp hits you from afar with a +2 spear.
Natasha mumbles some strange words.
The cerulean imp hits you from afar with a +2 spear.
You hit Natasha but do no damage. You headbutt Natasha.
Natasha is moderately wounded.
Natasha closely misses you.
The cerulean imp hits you but does no damage.
The cerulean imp hits you from afar with a +2 spear.
Natasha claws you.
You closely miss Natasha.
Natasha is moderately wounded.
The cerulean imp hits you from afar with a +2 spear.
The cerulean imp hits you from afar with a +0 spear.
* * * LOW HITPOINT WARNING * * *
Natasha claws you!
* * * LOW HITPOINT WARNING * * *
Really quaff the potion of lignification?
Your horns disappear.
You turn into a tree.
Your +0 robe melds into your body.
Your roots penetrate the ground.
The cerulean imp hits you but does no damage. x2
Natasha claws you.
* * * LOW HITPOINT WARNING * * *
The cerulean imp hits you from afar with a +2 spear.
You die...

,****,*,,,,,,,,*,*,(,,,,*
,****,*,*,*#.....#,**##**
,**,,,,,*,,,^.....,,*.,,*
,,,,*,,,,..*,....#.,.,*.**
,,,,**,,**.#,#....,.#,..,*****
(,,,+,,,,,,..#...##.#...,,,,,*
,,,,***##,*#.#...5...<#,****,*
*******#(.##.#...h5.#...*,,,,*
,,,,,,,.........♣.....>.*†****
** *********#..........#..#*,*
*< #.###..(#......,,* *,
#.#...#(#.##.##*** *,
#.#.#.#.#,#*,# *,
#.#...#.#,,,,* *,
#####...###.#********* ****,
#.......# #..,,,,,>,,***,,,,
#.......# *##*******,*,,,,,*


You could see Natasha and 2 cerulean imps.

Vanquished Creatures
  A hound (D:2)
  Natasha (twice) (D:2)
  An adder (D:2)
  2 worms (D:2)
  A dart slug (D:2)
  6 ball pythons
  5 bats
  6 endoplasms
  2 giant cockroaches
  6 goblins
  12 hobgoblins
  5 jackals (D:1)
  4 quokkas
  2 frilled lizards
  5 kobolds
  5 rats
65 creatures vanquished.

Notes
Turn   | Place    | Note
-------+----------+-------------------------------------------
     0 | D:1      | growler the Merfolk Transmuter began the quest for the Orb.
     0 | D:1      | Reached XP level 1. HP: 15/15 MP: 3/3
    90 | D:1      | Reached XP level 2. HP: 17/21 MP: 3/5
   144 | D:1      | Learned a level 2 spell: Wereblood
   425 | D:1      | Reached XP level 3. HP: 26/26 MP: 2/6
   429 | D:1      | Learned a level 3 spell: Spider Form
  1111 | D:2      | Reached skill level 4 in Unarmed Combat
  1307 | D:2      | Reached XP level 4. HP: 32/32 MP: 6/8
  1682 | D:2      | Noticed Natasha
  1685 | D:2      | Killed Natasha
  1917 | D:2      | Reached skill level 5 in Unarmed Combat
  1917 | D:2      | Reached XP level 5. HP: 34/37 MP: 9/9
  1922 | D:2      | Learned a level 4 spell: Ice Form
  1992 | D:2      | Noticed Natasha
  2001 | D:2      | Killed Natasha
  2113 | D:2      | Noticed Natasha
  2123 | D:2      | HP: 2/55 [Natasha (2)]
  2123 | D:2      | Slain by a cerulean imp

Illustrated notes

Levels and vault maps discovered:
D:1:      psy_arrival_whirlpool, layout_basic, minmay_misc_feat_plants
D:2:      layout_basic, minmay_strange_pillars, minmay_domino_4, uniq_natasha
D:3:      layout_loops_ring

Skill      XL: |  1  2  3  4 |
---------------+-------------+-----
Transmutations | 3 4 |  4.0
Unarmed Combat | 4 5 |  5.4
Spellcasting   | 3 |  3.0
Fighting       | |  1.1
Dodging        | |  2.6

Action                     |  1- 3 |  4- 6 || total
---------------------------+-------+-------++-------
  Melee: Unarmed           |   121 |    65 ||   186
         Headbutt          |    19 |    10 ||    29
         Punch             |     5 |       ||     5
   Cast: Beastly Appendage |    24 |    11 ||    35
         Wereblood         |     3 |     1 ||     4
         Spider Form       |       |     1 ||     1
    Use: Potion            |       |     2 ||     2
         Scroll            |       |     3 ||     3
 Armour: Robe              |    15 |     5 ||    20
         Skin              |       |     8 ||     8
  Dodge: Dodged            |    70 |    33 ||   103
